 Dungeon Crawl Stone Soup version 0.18-a0-1266-g3be6530 (webtiles) character file.

1829 Psiweapon the Ducker (level 8, 0/61 HPs)
             Began as a Demonspawn Gladiator on Feb 4, 2016.
             Was a Believer of Makhleb.
             Killed by nerve-wracking pain
             ... invoked by an orc priest
              (6 damage)
             ... on level 8 of the Dungeon on Feb 6, 2016.
             The game lasted 00:22:27 (6279 turns).

Psiweapon the Ducker (Demonspawn Gladiator)         Turns: 6279, Time: 00:22:27

Health: 0/61       AC:  9    Str: 17    XL:     8   Next: 86%
Magic:  0/10       EV: 14    Int:  5    God:    Makhleb [**....]
Gold:   0          SH:  2    Dex: 14    Spells: 0 memorised, 7 levels left

rFire  . . .     SeeInvis .     P - +1 battleaxe
rCold  . . .     Gourm    .     D - +0 leather armour
rNeg   . . .     Faith    .     (shield currently unavailable)
rPois  .         Spirit   +     c - +0 helmet
rElec  .         Dismiss  .     (no cloak)
rCorr  .         Reflect  +     (no gloves)
SustAt .         Harm     .     O - +0 pair of boots
MR     .....                    T - +2 amulet of reflection
Stlth  ++........               (no ring)
                                j - -5 ring of intelligence

@: not resistant to hostile enchantments, unstealthy
A: talons 2, iridescent scales 1, magic shield
a: Minor Destruction, Renounce Religion


You were on level 8 of the Dungeon.
You worshipped Makhleb.
Makhleb was pleased with you.
You were hungry.

You visited 1 branch of the dungeon, and saw 9 of its levels.
You also visited: Sewer.

Inventory:

Hand Weapons
 a - a +0 quarterstaff
 x - a +0 blowgun
 G - a cursed -2 spear
 P - a +1 battleaxe (weapon)
 R - a +0 trident of piercing
 S - a +0 arbalest
Missiles
 d - 5 tomahawks
 k - 12 silver bolts
 q - 120 stones (quivered)
 v - 33 bolts
 y - 20 poisoned needles
 N - 30 sling bullets
Armour
 b - a +0 leather armour
 c - a +0 helmet (worn)
 D - a +0 leather armour (worn)
 O - a +0 pair of boots (worn)
Jewellery
 j - a -5 ring of intelligence (left hand)
 T - a +2 amulet of reflection (around neck)
Wands
 t - a wand of iceblast (6/15)
 J - a wand of lightning (0/15)
Scrolls
 e - 2 scrolls of magic mapping {unknown}
 i - 3 scrolls of teleportation
 l - 3 scrolls of enchant weapon
 m - a scroll of fog {unknown}
 r - 3 scrolls of amnesia
 w - 3 scrolls of remove curse
 I - 2 scrolls of enchant armour {unknown}
 L - a scroll of noise {unknown}
 M - a scroll of identify
Potions
 g - a potion of ambrosia {unknown}
 u - a potion of haste
 z - a potion of mutation {unknown}
 A - a potion of agility {unknown}
 C - a potion of invisibility {unknown}
 E - a potion of brilliance
Comestibles
 f - 3 bread rations
 o - 2 beef jerkies
 s - 2 meat rations
 F - a royal jelly
 Q - 3 fruits


   Skills:
 + Level 4.4 Fighting
 + Level 5.4 Staves
 + Level 5.0 Throwing
 + Level 3.1 Armour
 + Level 5.7 Dodging
 + Level 3.1 Stealth
 * Level 2.6 Invocations


You had 7 spell levels left.
You didn't know any spells.

Dungeon Overview and Level Annotations

Branches:
Dungeon (9/15)
 Temple: D:4-7         Lair: D:8-11         Orc: D:9-12

Altars:
Elyvilon
Fedhas
Makhleb
Okawaru
Pakellas
Sif Muna

Annotations:
D:8 Maurice


Innate Abilities, Weirdness & Mutations

You have razor-sharp toenails.
You are partially covered in iridescent scales (AC +4).
When hurt, damage is shared between your health and your magic reserves.


Message History

The orc priest shouts!
The quokka closely misses you.
You hear some strange, mumbled words.
Something tries to affect you, but you resist.
The worker ant zombie bites you but does no damage.
The orc wizard closely misses you.
The quokka bites you but does no damage.
Something barely misses you. The worker ant zombie bites you.
* * * LOW HITPOINT WARNING * * *
The orc wizard hits you but does no damage.
You closely miss something. You hit the worker ant zombie.
You destroy the worker ant zombie!
Makhleb accepts your kill.
You feel better.
You hit the quokka.
You kill the quokka!
Makhleb accepts your kill.
You barely miss the orc wizard. Something hits you but does no damage.
The orc priest invokes the aid of Beogh against you.
Pain shoots through your body!
You die...

.#.# #.# ####################
##.### #.# #.......##...$.....#
.....# #.# #........#.(.......#
...#.# #<# #........#......[..#
...#.# ### ###...†.o...........
##.#.# #......#†........#
...#.##########....o.#.........#
.....................###########
...#.#..#######.@{.### ##.#.#..#
#†)o.# #.#.#..# ......# #.#.#...
....#...# ##.#.#.......#.#...#
....................
...#...#.....#.#..(## ### #...
##.##


You could see 2 orc priests and an orc wizard.

Vanquished Creatures
  Sigmund (D:4)
  Menkaure (D:4)
  Edmund (D:4)
  An orc warrior (D:7)
  4 ogres
  2 centaurs
  A crocodile (Sewer)
  A scorpion (D:4)
  A crimson imp (D:2)
  An orc wizard (D:7)
  4 orc priests
  A centaur skeleton (D:4)
  A hound (D:5)
  A jelly (D:8)
  Ijyb (D:2)
  Natasha (D:2)
  Terence (D:1)
  3 worker ants (D:4)
  2 worker ant zombies
  12 adders
  4 gnolls (D:4)
  An ooze (D:5)
  5 worms
  2 giant geckos
  10 orcs
  11 giant cockroaches
  10 goblins
  10 hobgoblins
  9 jackals
  6 quokkas
  3 ball pythons
  4 bats
  5 giant newts
  12 kobolds
  A quokka skeleton (D:8)
  9 rats
143 creatures vanquished.

Vanquished Creatures (others)
  6 fungi (D:8)
  2 plants (D:8)
8 creatures vanquished.

Grand Total: 151 creatures vanquished

Notes
Turn   | Place    | Note
--------------------------------------------------------------
     0 | D:1      | Psiweapon the Demonspawn Gladiator began the quest for the Orb.
     0 | D:1      | Reached XP level 1. HP: 16/16 MP: 1/1
   165 | D:1      | Gained mutation: When hurt, damage is shared between your health and your magic reserves. [demonic ancestry]
   165 | D:1      | Reached XP level 2. HP: 20/22 MP: 2/2
   227 | D:1      | Reached skill level 3 in Dodging
   415 | D:3      | Reached XP level 3. HP: 21/28 MP: 3/3
   427 | D:2      | Found a white marble altar of Elyvilon.
   427 | D:2      | Found a deep blue altar of Sif Muna.
   427 | D:2      | Found an iron altar of Okawaru.
   427 | D:2      | Found a blossoming altar of Fedhas.
   430 | D:2      | Found an oddly glowing altar of Pakellas.
   433 | D:2      | Upgraded the game from 0.18-a0-1229-ge9a1a01 to 0.18-a0-1266-g3be6530
   570 | D:2      | Noticed Terence
   583 | D:1      | Killed Terence
   806 | D:1      | Gained mutation: You are partially covered in iridescent scales (AC +4). [demonic ancestry]
   806 | D:1      | Reached XP level 4. HP: 24/34 MP: 4/4
  1520 | D:2      | Reached skill level 1 in Armour
  1911 | D:3      | Reached XP level 5. HP: 8/41 MP: 2/5
  2343 | D:2      | Noticed Ijyb
  2370 | D:2      | Killed Ijyb
  2648 | D:2      | Noticed Natasha
  2654 | D:2      | Killed Natasha
  2741 | D:2      | Found a burning altar of Makhleb.
  2747 | D:2      | Reached XP level 6. HP: 47/47 MP: 6/6
  2752 | D:2      | Became a worshipper of Makhleb the Destroyer
  3014 | D:5      | Entered Level 5 of the Dungeon
  3014 | D:5      | Found a glowing drain.
  3039 | D:5      | Reached skill level 4 in Dodging
  3112 | Sewer    | Entered a sewer
  3139 | Sewer    | Reached * piety under Makhleb
  3512 | D:3      | Found an iron altar of Okawaru.
  3715 | D:6      | Reached skill level 1 in Stealth
  3715 | D:6      | Gained mutation: You have sharp toenails. [demonic ancestry]
  3715 | D:6      | Reached XP level 7. HP: 34/53 MP: 4/7
  4046 | D:4      | Noticed Sigmund
  4077 | D:4      | Killed Sigmund
  4077 | D:4      | Reached skill level 5 in Dodging
  4151 | D:4      | Noticed Edmund
  4184 | D:4      | Killed Edmund
  4526 | D:4      | Gained mutation: You have razor-sharp toenails. [demonic ancestry]
  4526 | D:4      | Reached XP level 8. HP: 58/60 MP: 8/8
  4630 | D:4      | Noticed Menkaure
  4635 | D:4      | Killed Menkaure
  4645 | D:4      | Reached ** piety under Makhleb
  4645 | D:4      | Reached skill level 5 in Staves
  5138 | D:4      | Reached skill level 1 in Invocations
  6140 | D:8      | Reached skill level 5 in Throwing
  6192 | D:8      | Noticed Maurice
  6278 | D:8      | HP: 2/61 [worker ant zombie (2)]
  6279 | D:8      | Killed from afar by an orc priest

Vault maps used:
D:1:      roderic_crop_circles_arrival_small, minmay_box_of_dots
D:2:      nicolae_overflow_hidden_temple, makhleb_grotto_becter, uniq_iyjb,
          uniq_natasha, uniq_terence
D:3:      kennysheep_okawaru_gauntlet
D:4:      minmay_joined_circles, uniq_sigmund, uniq_menkaure, uniq_edmund
D:5:      minmay_thick_lines, gup_sewer_entry_glass, first_bread,
          johnstein_pakellas_dig
D:6:      minmay_temple_entry_statues_fountains, roderic_greek_sauvastika,
          grunt_decor_mini_mirrors, roderic_roman_lattice
D:7:      kennysheep_generic_room_8, uniq_joseph
D:8:      grunt_lair_entry_orc_guard_hut, uniq_maurice, uniq_grum
D:9:      grunt_livestock, cheibrodos_worm_habitat, uniq_prince_ribbit1
Sewer:    sewer_the_crocodile

Action                   |  1- 3 |  4- 6 |  7- 9 || total
-------------------------+-------+-------+-------++-------
Melee: Quarterstaff      |    64 |   235 |   162 ||   461
       Battleaxe         |       |       |    26 ||    26
       Blowgun           |       |       |     1 ||     1
 Fire: Blowgun           |       |    13 |    45 ||    58
Throw: Stone             |       |     7 |       ||     7
       Throwing net      |       |     3 |     1 ||     4
       Tomahawk          |       |       |     1 ||     1
Invok: Minor Destruction |       |       |     7 ||     7
Evoke: Wand              |       |       |     4 ||     4
  Use: Potion            |     2 |       |     5 ||     7
       Scroll            |       |     3 |     4 ||     7
 Stab: Sleeping          |       |     2 |     2 ||     4
       Distracted        |       |       |     1 ||     1
  Eat: Chunk             |       |     9 |     8 ||    17
